[Event "ICC tourney 2545 (5 3)"]
[Site "Internet Chess Club"]
[Date "2021.04.11"]
[Round "2"]
[White "kaps-ak"]
[Black "fertigto"]
[Result "1-0"]
[ICCResult "Black forfeits on time"]
[WhiteElo "1234"]
[BlackElo "1367"]
[Opening "Queen's pawn, Mason variation"]
[ECO "D00"]
[NIC "QP.08"]
[Time "14:30:38"]
[TimeControl "300+3"]

1. d4 d5 2. Bf4 Nf6 3. e3 a6 4. c4 Nc6 5. Nc3 e6 6. Nf3 Bd6 7. Bg3 Bxg3 8.
hxg3 Qe7 9. Qc2 Qd6 10. O-O-O Bd7 11. c5 Qe7 12. Bd3 g6 13. e4 Nb4 14. Rhe1
Nxd3+ 15. Qxd3 O-O-O 16. exd5 Qf8 17. dxe6 fxe6 18. Ne5 Nd5 19. Nxd5 exd5
20. Re2 Bb5 21. Qe3 Bxe2 22. Qxe2 Qe7 23. Re1 Rhe8 24. f4 Qf8 25. Qg4+ Qf5
26. Qh4 Qh5 27. Qxh5 gxh5 28. Rh1 Kb8 29. Rxh5 Re7 30. g4 Rde8 31. g3
{Black forfeits on time}
1-0

[Event "ICC tourney 2545 (5 3)"]
[Site "Internet Chess Club"]
[Date "2021.04.11"]
[Round "2"]
[White "minorpiece"]
[Black "wildrumpus"]
[Result "0-1"]
[ICCResult "White forfeits on time"]
[WhiteElo "1415"]
[BlackElo "1376"]
[Opening "Queen's pawn: London system"]
[ECO "A45"]
[NIC "QP.07"]
[Time "14:30:05"]
[TimeControl "300+3"]

1. d4 Nf6 2. Bf4 d5 3. e3 c5 4. c3 Nc6 5. Nf3 Bg4 6. Nbd2 e6 7. h3 Bh5 8.
Bd3 Qb6 9. b3 Be7 10. O-O O-O 11. Rc1 Rfc8 12. Bb1 a6 13. g4 Bg6 14. Ne5
Bxb1 15. Rxb1 Qa5 16. g5 Ne8 17. h4 g6 18. h5 Nxe5 19. dxe5 Qxc3 20. Rc1 Qb4
21. Kg2 Ng7 22. hxg6 hxg6 23. Rh1 c4 24. Rh6 c3 25. Nf3 Qe4 26. Rh4 Nf5 27.
Rg4 Kg7 28. Rc2 Rh8 29. Rxc3 Rh5 30. Kf1 Rah8 31. Ke2 Bb4 32. Rc7 Nh4 33.
Nxh4 Rxh4 34. Rg1 Rxf4 {White forfeits on time} 0-1

[Event "ICC tourney 2545 (5 3)"]
[Site "Internet Chess Club"]
[Date "2021.04.11"]
[Round "2"]
[White "Comeback2016"]
[Black "Giallorossi"]
[Result "1-0"]
[ICCResult "Black forfeits on time"]
[WhiteElo "1722"]
[BlackElo "1369"]
[Opening "English: Capablanca's variation"]
[ECO "A12"]
[NIC "EO.64"]
[Time "14:30:00"]
[TimeControl "300+3"]

1. c4 c6 2. Nf3 d5 3. b3 Nf6 4. Bb2 Bg4 5. Ne5 Bh5 6. g3 Nbd7 7. d4 e6 8.
Nd2 Bb4 9. a3 Bd6 10. Bg2 a5 11. O-O Qe7 12. f4 Bxe5 13. fxe5 Ng4 14. e4 Qg5
15. Qe1 Ne3 16. Nf3 Bxf3 17. Rxf3 Nc2 18. Qc1 Qxc1+ 19. Rxc1 dxe4 20. Rf4
Ne3 21. Bxe4 g5 22. Rf3 Ng4 23. Rcf1 O-O 24. Bc1 f5 25. exf6 Ngxf6 26. Bb1
g4 27. Rf4 h5 28. Bb2 Rae8 29. Kg2 Kg7 30. d5 e5 31. Rf5 e4 32. Rxh5 Kg6 33.
Rhf5 e3 34. Rxf6+ Kg7 35. Rxf8+ {Black forfeits on time} 1-0

[Event "ICC tourney 2545 (5 3)"]
[Site "Internet Chess Club"]
[Date "2021.04.11"]
[Round "2"]
[White "Schlomo"]
[Black "Python64"]
[Result "0-1"]
[ICCResult "White resigns"]
[WhiteElo "1983"]
[BlackElo "1638"]
[Opening "Catalan: closed, 5.Nf3"]
[ECO "E06"]
[NIC "CA.04"]
[Time "14:30:38"]
[TimeControl "300+3"]

1. d4 Nf6 2. c4 e6 3. Nf3 d5 4. g3 Be7 5. Bg2 O-O 6. Qc2 c5 7. cxd5 Nxd5 8.
a3 cxd4 9. Nxd4 Nb4 10. axb4 Bxb4+ 11. Bd2 Qxd4 12. O-O Rd8 13. Be3 Qf6 14.
Rxa7 Rxa7 15. Bxa7 Nc6 16. Bb6 Rd6 17. Nc3 Nd4 18. Bxd4 Rxd4 19. Nd5 exd5
20. Qxc8+ Bf8 21. Qxb7 Rd2 22. Bxd5 Rxe2 23. b3 g6 24. Bc4 Rb2 25. Kg2 Kg7
26. Qf3 Bc5 27. Qxf6+ Kxf6 28. g4 Kg5 29. Kg3 Bd6+ 30. f4+ Kf6 31. g5+ Kf5
32. Bxf7 Rc2 33. Rf3 Rc1 34. Bc4 Rg1+ 35. Kf2 Bc5+ 36. Ke2 Rg2+ 37. Kd3 Rxh2
38. Bb5 Kg4 39. Rf1 Bf2 40. Ke4 Kg3 41. Bd7 Rh4 42. Ke5 Rxf4 43. Be6 Bd4+
44. Kd5 Rxf1 {White resigns} 0-1

[Event "ICC tourney 2545 (5 3)"]
[Site "Internet Chess Club"]
[Date "2021.04.11"]
[Round "2"]
[White "profudesah"]
[Black "Macroeconomist"]
[Result "1-0"]
[ICCResult "Black forfeits on time"]
[WhiteElo "1758"]
[BlackElo "1407"]
[Opening "Benoni: 6.e4"]
[ECO "A65"]
[NIC "QO.17"]
[Time "14:30:00"]
[TimeControl "300+3"]

1. d4 e6 2. c4 c5 3. d5 exd5 4. cxd5 d6 5. Nc3 Nf6 6. e4 g6 7. Bd3 Bg7 8.
Nge2 a6 9. a4 O-O 10. O-O Re8 11. f3 Nbd7 12. a5 Qc7 13. b3 Ne5 14. Bc2 h5
15. Bd2 Bd7 16. h3 c4 17. b4 b6 18. Be3 bxa5 19. bxa5 Bb5 20. Bb6 Qb7 21.
Nd4 Ned7 22. Ndxb5 axb5 23. Bd4 b4 24. Ne2 Nc5 25. Ba4 Re7 26. Bc6 Qb8 27.
Bxa8 Qxa8 28. e5 Nb3 29. exf6 Nxd4 30. Qxd4 Rxe2 31. fxg7 Qc8 32. a6 Qf5 33.
Rf2 Rxf2 34. Qxf2 Kxg7 35. a7 b3 36. a8=Q c3 37. Qd4+ Qf6 38. Qh8+ Kxh8 39.
Qxf6+ Kh7 40. Ra8 {Black forfeits on time} 1-0

[Event "ICC tourney 2545 (5 3)"]
[Site "Internet Chess Club"]
[Date "2021.04.11"]
[Round "2"]
[White "DWGriff"]
[Black "meghna"]
[Result "1-0"]
[ICCResult "Black resigns"]
[WhiteElo "1704"]
[BlackElo "1312"]
[Opening "Sicilian defense"]
[ECO "B40"]
[NIC "SI.43"]
[Time "14:30:00"]
[TimeControl "300+3"]

1. e4 c5 2. Nf3 e6 3. c4 Nc6 4. Nc3 d6 5. d4 cxd4 6. Nxd4 Bd7 7. Be3 Nf6 8.
Be2 Be7 9. O-O O-O 10. Rc1 a6 11. f4 Nxd4 12. Bxd4 Bc6 13. Bd3 Qd7 14. Qe2
Rfd8 15. Rfd1 Qe8 16. Bb1 e5 17. fxe5 dxe5 18. Bb6 Rd7 19. Nd5 Qf8 20. Nxe7+
Qxe7 21. Rxd7 Qxd7 22. Rd1 Qe6 23. b4 Bxe4 24. Bxe4 Qxb6+ 25. Kh1 Nxe4 26.
Qxe4 Qxb4 27. h3 h6 28. Rb1 Qc3 29. Qxb7 Rd8 30. Qxa6 e4 31. Qc6 e3 32. Qe4
Qd2 33. c5 e2 34. c6 Qd1+ 35. Kh2 Qd6+ 36. g3 Qd2 37. Kg1 Qd1+ 38. Kh2 Rd2
39. Rb8+ Rd8 40. Rxd8+ Qxd8 41. Qxe2 Qc8 42. Qb5 f5 43. Qb7 Qe8 44. c7 Qe2+
45. Qg2 Qc4 46. Qa8+ Kh7 47. c8=Q {Black resigns} 1-0

[Event "ICC tourney 2545 (5 3)"]
[Site "Internet Chess Club"]
[Date "2021.04.11"]
[Round "2"]
[White "Artist2020"]
[Black "ZenChess"]
[Result "0-1"]
[ICCResult "White resigns"]
[WhiteElo "1871"]
[BlackElo "1863"]
[Opening "QGD semi-Slav"]
[ECO "D43"]
[NIC "SL.03"]
[Time "14:29:05"]
[TimeControl "300+3"]

1. d4 d5 2. Nf3 Nf6 3. c4 c6 4. Nc3 e6 5. cxd5 exd5 6. Bg5 h6 7. Bh4 g5 8.
Bg3 Nbd7 9. e3 Nh5 10. Qc2 Nxg3 11. hxg3 Qe7 12. Bd3 Nb6 13. Ne5 Bg7 14. f4
Be6 15. a4 a5 16. Qb3 Qc7 17. f5 Bc8 18. e4 dxe4 19. Nxe4 Bxf5 20. O-O Be6
21. Qa3 O-O-O 22. Qc5 Bxe5 23. dxe5 Rxd3 24. Nd6+ Kb8 25. Qxa5 Rd5 26. Qc3
Nc8 27. Nc4 Rc5 28. b3 Bxc4 29. bxc4 Qxe5 30. Qxe5+ Rxe5 31. Rxf7 Rhe8 32.
Kh2 R8e7 33. Rf6 R5e6 34. Rf8 Kc7 35. Rd1 Rd7 36. Rb1 Re4 37. a5 Rxc4 38. a6
bxa6 39. Rb8 Kxb8 40. Rf6 Rd6 41. Rf8 Kc7 42. g4 Rxg4 43. Kh3 Rh4+ 44. Kg3
Rd3+ 45. Kf2 Rf4+ 46. Ke2 Rxf8 {White resigns} 0-1

[Event "ICC tourney 2545 (5 3)"]
[Site "Internet Chess Club"]
[Date "2021.04.11"]
[Round "2"]
[White "JustInIt"]
[Black "GrandTurk"]
[Result "0-1"]
[ICCResult "White resigns"]
[WhiteElo "1397"]
[BlackElo "1712"]
[Opening "Sicilian: Kan, Maróczy bind (Réti variation)"]
[ECO "B41"]
[NIC "SI.41"]
[Time "14:29:03"]
[TimeControl "300+3"]

1. e4 c5 2. Nf3 e6 3. d4 cxd4 4. Nxd4 a6 5. c4 Nf6 6. Nc3 Bb4 7. Bd3 Nc6 8.
Nf3 d6 9. O-O h6 10. a3 Bxc3 11. bxc3 Nd7 12. Re1 Qc7 13. Bf4 Nce5 14. Be2
O-O 15. Nxe5 dxe5 16. Be3 b6 17. Rb1 Bb7 18. f3 Bc6 19. Qb3 Rab8 20. Red1
Nc5 21. Qb4 a5 22. Qb2 a4 23. Qb4 Nb3 24. Rd3 Nc5 25. Rdd1 Nb3 26. Rd3 Nc5
27. Rdd1 Nb3 28. Re1 Rfd8 29. Bd1 Nc5 30. Bc2 Nd3 31. Bxd3 Rxd3 32. Rbd1 Qd7
33. Rb1 f5 34. Bxb6 fxe4 35. fxe4 Qf7 36. Rbd1 Rxd1 37. Rxd1 Bxe4 38. Qd6
Rc8 39. c5 Qg6 40. Qd2 Kh7 41. Re1 Rf8 42. Rf1 Rf4 43. Bc7 Bxg2 44. Rxf4
Bc6+ 45. Kf2 exf4 46. Qxf4 Qc2+ 47. Kg3 Qxc3+ 48. Kg4 Qd3 49. Be5 Qg6+ 50.
Kh3 Qg2+ 51. Kh4 g5+ 52. Kh5 Qh3+ {White resigns} 0-1

[Event "ICC tourney 2545 (5 3)"]
[Site "Internet Chess Club"]
[Date "2021.04.11"]
[Round "2"]
[White "IAlwaysWin"]
[Black "EVMIGR"]
[Result "0-1"]
[ICCResult "White forfeits on time"]
[WhiteElo "1581"]
[BlackElo "1450"]
[Opening "Queen's pawn game, Chigorin variation"]
[ECO "A04"]
[NIC "QP.11"]
[Time "14:30:05"]
[TimeControl "300+3"]

1. Nf3 Nc6 2. d4 d5 3. e3 Bg4 4. c4 e6 5. Nc3 Nf6 6. h3 Bxf3 7. Qxf3 Bb4 8.
Bd2 Ne7 9. Bd3 c5 10. dxc5 dxc4 11. Bxc4 Bxc5 12. Rd1 Qc8 13. O-O O-O 14.
Rc1 b6 15. Bb3 Qd7 16. Rfd1 Nf5 17. Be1 Qe7 18. Ne4 Nxe4 19. Qxe4 Rfd8 20.
Bc3 Nd6 21. Qg4 Ne8 22. Bc2 h6 23. Ba4 Nf6 24. Qh4 Nd5 25. Qxe7 Bxe7 26. Bd4
Rac8 27. g3 Bf6 28. Bxf6 Nxf6 29. Kg2 Rxc1 30. Rxc1 Rd2 31. Rc8+ Kh7 32.
Bc2+ g6 33. Kf1 Kg7 34. Ke1 Rd7 35. Ba4 Rd6 36. Rc7 a6 37. Ke2 Nd5 38. Ra7
b5 39. Bb3 Nb4 40. e4 Nd3 41. f4 Nxb2 42. e5 Rc6 43. g4 Nc4 44. Rd7 a5 45.
a4 b4 46. Ra7 Nb2 47. Rxa5 Rc3 48. Rb5 Rxb3 49. a5 Nc4 50. a6 Ra3 51. Rc5
Nb2 52. Rc6 b3 53. Rb6 Nc4 54. Rb4 b2 {White forfeits on time} 0-1

[Event "ICC tourney 2545 (5 3)"]
[Site "Internet Chess Club"]
[Date "2021.04.11"]
[Round "2"]
[White "Chanakya"]
[Black "Jude"]
[Result "1-0"]
[ICCResult "Black resigns"]
[WhiteElo "1259"]
[BlackElo "1644"]
[Opening "Sicilian: closed"]
[ECO "B23"]
[NIC "SI.44"]
[Time "14:30:31"]
[TimeControl "300+3"]

1. e4 c5 2. Nc3 a6 3. f4 Nc6 4. Nf3 e6 5. d3 b5 6. g3 Bb7 7. Bg2 g6 8. O-O
Bg7 9. Be3 Nd4 10. e5 Nxf3+ 11. Bxf3 Bxf3 12. Qxf3 Rc8 13. Qb7 Rc6 14. Ne4
Bf8 15. c3 f5 16. exf6 Nxf6 17. Nxf6+ Qxf6 18. d4 cxd4 19. Bxd4 Bc5 20. Bxc5
Rxc5 21. Qxa6 O-O 22. Qa7 Rd5 23. Rad1 Qf5 24. Qe3 Ra8 25. a3 Ra4 26. Qf3
Rxd1 27. Rxd1 d5 28. Qd3 Qxd3 29. Rxd3 Re4 30. Rd4 Re2 31. Rb4 e5 32. fxe5
Rxe5 33. Rxb5 Kg7 34. Kf2 h5 35. h4 Kf6 36. a4 Kf5 37. Kf3 Ke6 38. a5 Re1
39. Rb6+ Kf5 40. a6 Ra1 41. Rd6 Ra5 42. b4 Ra3 43. Rxd5+ Ke6 44. Ra5 Rxc3+
45. Ke4 Rc4+ 46. Kd3 Rxb4 47. a7 {Black resigns} 1-0

[Event "ICC tourney 2545 (5 3)"]
[Site "Internet Chess Club"]
[Date "2021.04.11"]
[Round "2"]
[White "FL2009"]
[Black "MyNaughtyKnight"]
[Result "1-0"]
[ICCResult "Black forfeits on time"]
[WhiteElo "1655"]
[BlackElo "1262"]
[Opening "French: exchange variation"]
[ECO "C01"]
[NIC "FR.01"]
[Time "14:29:25"]
[TimeControl "300+3"]

1. e4 e6 2. d4 d5 3. exd5 exd5 4. Nf3 Nf6 5. Bd3 Bg4 6. O-O Be7 7. c3 O-O 8.
Bf4 Nbd7 9. Nbd2 c6 10. Re1 Re8 11. Qc2 Rc8 12. Ne5 Bh5 13. Bf5 Bg6 14. Nxg6
hxg6 15. Bh3 Nh5 16. Be3 c5 17. g3 cxd4 18. Bxd4 Bf6 19. Qd3 Bxd4 20. Qxd4
Rxe1+ 21. Rxe1 Nhf6 22. Nf3 Rc4 23. Qe3 Ne4 24. Bxd7 Qxd7 25. Nd2 f5 26.
Nxe4 Rxe4 27. Qd2 Qe6 28. Rxe4 fxe4 29. Qd4 b6 30. Qa4 a5 31. Qd4 Kf7 32.
Kf1 g5 33. Qe3 g4 34. Qf4+ Kg6 35. Qe3 Kf6 36. Qd4+ Kg6 37. Ke2 Qc6 38. b3
b5 39. Ke3 Qe6 40. Qc5 Qe5 41. Qb6+ Kh5 42. Qd4 Qg5+ 43. Ke2 Qf5 44. Qa7
Qf3+ 45. Ke1 Qxc3+ 46. Kf1 Qd3+ 47. Ke1 Qb1+ 48. Ke2 Qxa2+ 49. Ke3 Qxb3+ 50.
Kd4 Qc4+ 51. Ke5 a4 52. Qf7+ Kh6 53. Qf4+ Kh7 54. Qf5+ Kh6 55. Qxg4 e3 56.
Qh3+ Kg6 57. fxe3 Qe4+ 58. Kd6 a3 59. Qd7 a2 60. Qa7 Qb4+ 61. Kxd5 Qc4+ 62.
Kd6 Qd3+ 63. Ke6 Qe4+ 64. Kd6 {Black forfeits on time} 1-0

[Event "ICC tourney 2545 (5 3)"]
[Site "Internet Chess Club"]
[Date "2021.04.11"]
[Round "2"]
[White "fedown"]
[Black "jfk2014"]
[Result "0-1"]
[ICCResult "White checkmated"]
[WhiteElo "1439"]
[BlackElo "1966"]
[Opening "Nimzo-Indian: three knights variation"]
[ECO "E21"]
[NIC "NI.28"]
[Time "14:29:02"]
[TimeControl "300+3"]

1. d4 Nf6 2. c4 e6 3. Nc3 Bb4 4. Nf3 O-O 5. Bf4 d5 6. Qb3 Nc6 7. a3 Ba5 8.
e3 a6 9. Bd3 Ne4 10. O-O Bxc3 11. bxc3 Na5 12. Qb4 c5 13. dxc5 Nc6 14. Qb2
Nxc5 15. Rfd1 Nxd3 16. Rxd3 Qa5 17. cxd5 exd5 18. Ne5 f6 19. Nxc6 bxc6 20.
Qb3 Qb5 21. Qc2 Bf5 22. Rad1 Bxd3 23. Rxd3 Rf7 24. h4 Rb7 25. Rd1 Qb3 26.
Qd3 Qb5 27. Qf5 Re8 28. h5 Qa4 29. Rd4 Qxa3 30. h6 Qe7 31. hxg7 Qe6 32. Qh5
Rxg7 33. Bh6 Rg6 34. Rh4 Qe5 35. Qf3 Qxc3 36. Bf4 Qc1+ 37. Kh2 Qc2 38. Qh3
Qe4 39. f3 Qe7 40. Qf5 Qg7 41. g3 Qf7 42. Qd3 c5 43. Qxa6 d4 44. exd4 cxd4
45. Qd6 Qa2+ 46. Kh3 Qe6+ 47. Qxe6+ Rxe6 48. Bc7 Re7 49. Ba5 Rd7 50. Re4 d3
51. Bd2 Kf7 52. g4 Rg8 53. Rf4 Kg6 54. Kh4 Re8 55. Bc3 Rd6 56. Bd2 Re2 57.
Bb4 d2 58. Bxd2 Rdxd2 59. Rb4 Rh2+ 60. Kg3 Rdg2+ 61. Kf4 Rh3 62. Ke3 Rgg3
63. Ke2 Rxf3 64. Re4 Kg5 65. Kd2 Rf2+ 66. Ke1 Ra2 67. Rd4 Rh1#
{White checkmated}
0-1

[Event "ICC tourney 2545 (5 3)"]
[Site "Internet Chess Club"]
[Date "2021.04.11"]
[Round "2"]
[White "Onandov"]
[Black "Boruoh"]
[Result "0-1"]
[ICCResult "White forfeits on time"]
[WhiteElo "1641"]
[BlackElo "1274"]
[Opening "English opening"]
[ECO "A05"]
[NIC "QP.11"]
[Time "14:30:31"]
[TimeControl "300+3"]

1. Nf3 Nf6 2. c4 g6 3. b4 Bg7 4. Bb2 O-O 5. g3 d6 6. Bg2 Nbd7 7. O-O c6 8.
d3 Qc7 9. Nc3 a5 10. b5 b6 11. bxc6 Nb8 12. Nd5 Nxd5 13. Bxg7 Kxg7 14. cxd5
Na6 15. a3 Nc5 16. d4 Ne4 17. Qc2 Nf6 18. e4 Ba6 19. Rfe1 h5 20. Rab1 a4 21.
Rb2 Qa7 22. Reb1 b5 23. Rb4 Qc7 24. Bf1 Rab8 25. Bxb5 Bxb5 26. Rxb5 Rxb5 27.
Rxb5 Rb8 28. Rxb8 Qxb8 29. c7 Qc8 30. Nd2 Ne8 31. f3 Qxc7 32. Qxc7 Nxc7 33.
Nc4 Nb5 34. Nb6 Nxa3 35. Nxa4 Nc2 36. Nb2 Nxd4 37. Kf2 g5 38. Ke3 Nb5 39.
Nd3 f6 40. Nb4 Na7 41. Nc6 Nc8 42. Kd4 Kf7 43. f4 gxf4 44. gxf4 h4 45. Ke3
Kg6 46. Kf3 Kh5 47. h3 Kg6 48. Kg4 f5+ 49. exf5+ Kf6 50. Nd4 Nb6 51. Kxh4
Nxd5 52. Kg4 Ne3+ 53. Kf3 Nxf5 54. Nc6 e6 55. Kg4 Ne7 56. Nd4 e5 57. fxe5+
dxe5 58. Ne2 Ng8 59. h4 Nh6+ 60. Kh5 Nf5 61. Kg4 e4 62. h5 Ke5
{White forfeits on time}
0-1

[Event "ICC tourney 2545 (5 3)"]
[Site "Internet Chess Club"]
[Date "2021.04.11"]
[Round "2"]
[White "ulff"]
[Black "Chesscrow"]
[Result "1-0"]
[ICCResult "Black forfeits on time"]
[WhiteElo "1844"]
[BlackElo "1755"]
[Opening "Sicilian: Canal-Sokolsky attack, 3...Bd7"]
[ECO "B52"]
[NIC "SI.01"]
[Time "14:29:15"]
[TimeControl "300+3"]

1. e4 c5 2. Nf3 d6 3. Bb5+ Bd7 4. Bxd7+ Nxd7 5. c4 g6 6. d4 cxd4 7. Nxd4 Bg7
8. Nc3 Ngf6 9. O-O O-O 10. f3 a6 11. Nde2 Qb6+ 12. Kh1 Rac8 13. b3 Ne8 14.
Bb2 Qd8 15. Rc1 Nc7 16. Qe1 Ne6 17. Rd1 Ndc5 18. Qf2 b5 19. cxb5 axb5 20.
Ba1 b4 21. Nd5 Bxa1 22. Rxa1 Nd3 23. Qe3 Ne5 24. Nxb4 Qa5 25. Nd5 Rfe8 26.
b4 Qa6 27. Nd4 Nc4 28. Qd3 Nxd4 29. Qxd4 Qb7 30. a3 Ne5 31. Rfc1 Nc6 32. Qd2
Ne5 33. Rxc8 Rxc8 34. Rc1 Rxc1+ 35. Qxc1 Qa6 36. Nxe7+ Kg7 37. Nd5 h6 38. h3
Qd3 39. f4 Nc4 40. Qc3+ Qxc3 41. Nxc3 Nxa3 42. b5 Nc4 43. Nd5 f5 44. b6 Na5
45. exf5 gxf5 46. g4 fxg4 47. hxg4 Kf7 48. Kg2 Ke6 49. Nb4 Nb7 50. Kf3 d5
51. Nc6 Kd6 52. Nd4 Kc5 53. Ke3 Kxb6 54. Nf5 Kc5 55. Nxh6 Kd6 56. Nf5+ Ke6
57. Kd4 Na5 58. Ne3 Nc6+ 59. Kc5 Ne7 60. f5+ Ke5 61. g5 d4 62. f6 Ng6 63.
Nc4+ Kf5 64. Kxd4 Kxg5 65. f7 Kf6 66. Ne5 {Black forfeits on time} 1-0

[Event "ICC tourney 2545 (5 3)"]
[Site "Internet Chess Club"]
[Date "2021.04.11"]
[Round "2"]
[White "shirovinster"]
[Black "RoadToFM2007"]
[Result "1-0"]
[ICCResult "Black checkmated"]
[WhiteElo "1809"]
[BlackElo "1613"]
[Opening "Sicilian defense"]
[ECO "B40"]
[NIC "SI.43"]
[Time "14:29:56"]
[TimeControl "300+3"]

1. e4 c5 2. Nf3 e6 3. g3 Nc6 4. Bg2 g6 5. d4 cxd4 6. Nxd4 Bg7 7. c3 Nge7 8.
Nb5 O-O 9. Nd6 b6 10. O-O Ba6 11. Re1 Nc8 12. Bf4 e5 13. Be3 Re8 14. Nxe8
Qxe8 15. Nd2 Nd6 16. Qc2 Rc8 17. a3 Qe6 18. Rad1 Bb5 19. a4 Ba6 20. Qb1 Na5
21. Bf1 Bxf1 22. Rxf1 Nb3 23. Nxb3 Nc4 24. Bc1 h5 25. Nd2 Nd6 26. Qd3 Nb7
27. Nf3 Nc5 28. Qd5 Qe7 29. Bg5 Qe8 30. b3 Kh7 31. Be3 f6 32. Bxc5 Rxc5 33.
Qxd7 Qxd7 34. Rxd7 Rxc3 35. Rb1 Rxf3 36. Rxa7 Rc3 37. b4 Kh6 38. a5 bxa5 39.
b5 Bf8 40. b6 Bc5 41. Rxa5 Bd6 42. b7 Rc4 43. b8=Q Bxb8 44. Rxb8 Rxe4 45. h4
g5 46. hxg5+ Kxg5 47. Kg2 h4 48. Rg8+ Kf5 49. g4+ Ke6 50. Ra6+ Kf7 51. Rh8
Rxg4+ 52. Kh3 Rf4 53. Rh7+ Kg6 54. Rxh4 Rxf2 55. Kg3 Rb2 56. Rh3 Kg5 57. Kf3
Rb3+ 58. Kg2 Rb2+ 59. Kf1 Rb1+ 60. Ke2 Rb2+ 61. Kd1 Rb1+ 62. Kc2 Rf1 63.
Raa3 Kf4 64. Kd2 Rf2+ 65. Ke1 Rb2 66. Raf3+ Ke4 67. Rxf6 Rb1+ 68. Kd2 Rb2+
69. Kc1 Rg2 70. Rh5 Rg1+ 71. Kd2 Rg2+ 72. Ke1 Ra2 73. Rff5 Ra5 74. Ke2 Ra2+
75. Kd1 Ra5 76. Kd2 Kd4 77. Rh4+ Kd5 78. Rf3 Ra2+ 79. Ke1 Ra5 80. Rd3+ Ke6
81. Ke2 Ra2+ 82. Ke3 Ra1 83. Rh6+ Kf5 84. Rh5+ Ke6 85. Rb3 Re1+ 86. Kf2 Re4
87. Rb6+ Kd5 88. Kf3 Re1 89. Rb5+ Kd4 90. Rb4+ Kd5 91. Rh2 Rf1+ 92. Ke2 Ra1
93. Rh5 Ra5 94. Rb1 Ra2+ 95. Kf3 Ra3+ 96. Kg4 Re3 97. Rb5+ Kd4 98. Kf5 Rf3+
99. Kg4 Re3 100. Rb4+ Kd5 101. Rh8 Re1 102. Rd8+ Kc5 103. Ra4 Kc6 104. Kf5
Kc7 105. Rd5 Rf1+ 106. Kxe5 Rh1 107. Ra7+ Kb6 108. Re7 Rh5+ 109. Kd6 Rh1
110. Re6 Kb7 111. Rb5+ Ka6 112. Rb2 Ka5 113. Re8 Rh6+ 114. Ke5 Ra6 115. Ra2+
Kb6 116. Rb8+ Ka7 117. Rxa6+ Kxb8 118. Rg6 Kc7 119. Kd5 Kd7 120. Rg7+ Ke8
121. Ke6 Kf8 122. Ra7 Kg8 123. Kf6 Kh8 124. Kg6 Kg8 125. Ra8# {Black
checkmated} 1-0

[Event "ICC tourney 2545 (5 3)"]
[Site "Internet Chess Club"]
[Date "2021.04.11"]
[Round "2"]
[White "drjava"]
[Black "sri2014"]
[Result "1-0"]
[ICCResult "Black resigns"]
[WhiteElo "1613"]
[BlackElo "1228"]
[Opening "KGD: Falkbeer, 4.d3"]
[ECO "C32"]
[NIC "KG.04"]
[Time "14:30:26"]
[TimeControl "300+3"]

1. e4 e5 2. f4 d5 3. exd5 e4 4. d3 Qxd5 5. Nc3 Bb4 6. Bd2 Qa5 7. a3 Bd6 8.
Nxe4 Qb6 9. Nxd6+ Qxd6 10. Nf3 Nf6 11. Be2 O-O 12. O-O Nc6 13. Bc3 Nd5 14.
Be5 Nxe5 15. fxe5 Qb6+ 16. Rf2 Qxb2 17. d4 Nc3 18. Qc1 Qxc1+ 19. Rxc1 Ne4
20. Rff1 Bg4 21. Bd3 Bxf3 22. Rxf3 Ng5 23. Rf2 c6 24. Rb1 b6 25. c3 Rad8 26.
Bc2 c5 27. Rd1 cxd4 28. cxd4 Rd7 29. Bb3 Ne4 30. Rf4 Nc3 31. Rd2 Nd5 32. Rf3
Rc8 33. Rdf2 Rc1+ 34. Rf1 Rxf1+ 35. Rxf1 Kf8 36. Rc1 Ke7 37. Kf2 Nf4 38. Rd1
Nd5 39. g3 Nc3 40. Rd3 Ne4+ 41. Ke3 Ng5 42. Rd1 f6 43. exf6+ gxf6 44. h4 Nf7
45. Rf1 Nd6 46. g4 h6 47. Ba2 b5 48. Bb3 a5 49. Ba2 b4 50. axb4 axb4 51. Rb1
Rb7 52. Bd5 Rb6 53. Kf4 Kd7 54. Ke3 Rb5 55. Bb3 h5 56. Ba4 hxg4 57. Bxb5+
Nxb5 58. Rxb4 Kc6 59. Rb1 Nd6 60. Rg1 f5 61. h5 Nf7 62. Kf4 Kd5 63. Kxf5
Kxd4 64. Kxg4 Ke5 65. Rf1 Ke6 66. Kh4 Ke7 67. Rf2 Kf8 68. Rg2 Ke7 69. Rg7
Kf8 70. h6 Nxh6 71. Rg1 Nf7 72. Kh5 Ke7 73. Kg6 Nd6 74. Re1+ Kd7 75. Kf6 Kc6
76. Ke6 Nc4 77. Rc1 Kb5 78. Kd5 Ne3+ 79. Kd4 Nf5+ 80. Ke4 Nd6+ 81. Kd5 Nf5
82. Rb1+ Ka6 83. Kc6 Ka5 84. Rb5+ Ka4 85. Rxf5 {Black resigns} 1-0

[Event "ICC tourney 2545 (5 3)"]
[Site "Internet Chess Club"]
[Date "2021.04.11"]
[Round "2"]
[White "Astigmatist"]
[Black "TheGMnexttou"]
[Result "1-0"]
[ICCResult "Black resigns"]
[WhiteElo "1789"]
[BlackElo "1599"]
[Opening "Sicilian defense"]
[ECO "B40"]
[NIC "SI.43"]
[Time "14:31:00"]
[TimeControl "300+3"]

1. e4 c5 2. Nf3 e6 3. g3 b6 4. Bg2 Bb7 5. Nc3 a6 6. a4 d6 7. O-O Nf6 8. Re1
Nbd7 9. d4 cxd4 10. Nxd4 Qc7 11. h3 Be7 12. Be3 O-O 13. f3 Rac8 14. Kh2 d5
15. Bf4 Ne5 16. exd5 Bd6 17. Ncb5 axb5 18. Nxb5 Qb8 19. Nxd6 Qxd6 20. Bxe5
Qxd5 21. Qxd5 Bxd5 22. c3 Nd7 23. Bd4 Nc5 24. f4 Nb3 25. Bxd5 exd5 26. Bxb6
Nxa1 27. Rxa1 Rb8 28. a5 Rfe8 29. b4 Re2+ 30. Kg1 Rc2 31. Bd4 g6 32. a6 Ra8
33. a7 Kf8 34. b5 Ke8 35. b6 Rb2 36. Ra4 Rb5 37. Rb4 Rxb4 38. cxb4 Rc8 39.
b7 Rc1+ 40. Kf2 Rc2+ 41. Ke3 Rc3+ 42. Bxc3 {Black resigns} 1-0

[Event "ICC tourney 2545 (5 3)"]
[Site "Internet Chess Club"]
[Date "2021.04.11"]
[Round "3"]
[White "harrisongaro"]
[Black "gmRohde"]
[Result "0-1"]
[ICCResult "White checkmated"]
[WhiteElo "1532"]
[BlackElo "1877"]
[Opening "Sicilian defense"]
[ECO "B40"]
[NIC "SI.43"]
[Time "14:52:18"]
[TimeControl "300+3"]

1. e4 c5 2. Nf3 e6 3. Bc4 d5 4. exd5 exd5 5. Bb5+ Bd7 6. d4 Bxb5 7. dxc5
Bxc5 8. b3 Qe7+ 9. Be3 Bxe3 10. Qe2 Bd2+ 11. Nbxd2 Qxe2# {White checkmated}
0-1

[Event "ICC tourney 2545 (5 3)"]
[Site "Internet Chess Club"]
[Date "2021.04.11"]
[Round "3"]
[White "JaimeVeloso"]
[Black "Jhonnydee2101"]
[Result "1-0"]
[ICCResult "Black checkmated"]
[WhiteElo "1305"]
[BlackElo "1257"]
[Opening "Four knights: Scotch, 4...exd4"]
[ECO "C47"]
[NIC "RG.01"]
[Time "14:53:37"]
[TimeControl "300+3"]

1. e4 e5 2. Nf3 Nf6 3. Nc3 Nc6 4. d4 exd4 5. Nxd4 Bb4 6. Nxc6 bxc6 7. Qd4
Bxc3+ 8. Qxc3 d6 9. Bd3 O-O 10. O-O Re8 11. b3 Qe7 12. Bb2 Ng4 13. Qxg7#
{Black checkmated}
1-0

[Event "ICC tourney 2545 (5 3)"]
[Site "Internet Chess Club"]
[Date "2021.04.11"]
[Round "3"]
[White "GiteshC"]
[Black "Fraser"]
[Result "1-0"]
[ICCResult "Black checkmated"]
[WhiteElo "1412"]
[BlackElo "1213"]
[Opening "Van't Kruijs opening"]
[ECO "A00"]
[Time "14:52:19"]
[TimeControl "300+3"]

1. e3 e5 2. e4 d5 3. Nf3 dxe4 4. Nxe5 f5 5. Qh5+ Ke7 6. Qf7+ Kd6 7. Nc4+ Kc6
8. Na5+ Kd6 9. Nc3 Bd7 10. Nc4+ Kc5 11. Qd5+ Kb4 12. a3# {Black checkmated}
1-0

[Event "ICC tourney 2545 (5 3)"]
[Site "Internet Chess Club"]
[Date "2021.04.11"]
[Round "3"]
[White "ethansun188"]
[Black "iamGodskid"]
[Result "0-1"]
[ICCResult "White checkmated"]
[WhiteElo "1168"]
[BlackElo "1419"]
[Opening "Benko's opening"]
[ECO "A00"]
[NIC "VO.09"]
[Time "14:52:29"]
[TimeControl "300+3"]

1. g3 d6 2. Bg2 g6 3. Nf3 Bg7 4. c3 Nf6 5. O-O Bg4 6. d4 Nc6 7. e4 O-O 8.
Re1 e5 9. d5 Ne7 10. h3 Bxf3 11. Bxf3 Qd7 12. Bg5 Qxh3 13. Bg2 Qd7 14. Qf3
Nh5 15. g4 Nf4 16. Bxf4 exf4 17. Qxf4 f5 18. exf5 gxf5 19. gxf5 Nxf5 20. Bh3
Be5 21. Qg5+ Kh8 22. f4 Rg8 23. Qxg8+ Rxg8+ 24. Kh2 Bxf4+ 25. Kh1 Qg7 26.
Bxf5 Qg2# {White checkmated} 0-1